 Dungeon Crawl Stone Soup version 0.28.0-1-gb440e238dd (webtiles) character file.

Game seed: 15960401792354994491

40 hawla the Conjurer (level 3, -6/19 HPs)
             Began as a Deep Elf Conjurer on Feb 26, 2022.
             Mangled by an iguana (10 damage)
             ... on level 2 of the Dungeon.
             The game lasted 00:03:25 (1124 turns).

hawla the Conjurer (Deep Elf Conjurer)              Turns: 1124, Time: 00:03:26

Health: -6/19      AC:  3    Str:  4    XL:     3   Next: 30%
Magic:  7/9        EV: 12    Int: 24    God:
Gold:   62         SH:  0    Dex: 13    Spells: 5/8 levels left

rFire   . . .      SeeInvis +   (no weapon)
rCold   . . .      Faith    .   (no shield)
rNeg    . . .      Spirit   .   a - +0 robe
rPois   .          Reflect  .   (no helmet)
rElec   .          Harm     .   (no cloak)
rCorr   .          Rampage  .   f - +0 pair of gloves
Will    .....                   (no boots)
Stlth   ++........              (no amulet)
HPRegen 0.06/turn               b - ring of see invisible
MPRegen 0.11/turn               (no ring)

@: no status effects
A: no striking features
a: no special abilities


You were on level 2 of the Dungeon.
You visited 1 branch of the dungeon, and saw 2 of its levels.

You collected 62 gold pieces.

Inventory:

Missiles
 d - 4 curare-tipped darts
Armour
 a - a +0 robe (worn)
 f - a +0 pair of gloves (worn)
Jewellery
 b - a ring of see invisible (left hand)
Scrolls
 e - a scroll of summoning {unknown}
Potions
 c - a potion of ambrosia
 g - 3 potions of curing {unknown}
 h - 2 potions of might {unknown}
 j - a potion of lignification {unknown}


   Skills:
 + Level 2.7 Dodging
 + Level 2.7 Stealth
 + Level 3.3 Spellcasting
 + Level 5.3 Conjurations


You had 5 spell levels left.
You knew the following spells:

 Your Spells              Type           Power      Damage    Failure   Level
a - Magic Dart            Conj           100%       1d8       1%          1
b - Searing Ray           Conj           58%        2d6       1%          2

Your spell library contained the following spells:

 Spells                   Type           Power      Damage    Failure   Level
 Dazzling Flash           Conj/Hex       32%        N/A       11%         3
 Confusing Touch          Hex            3%         N/A       32%         3
 Fulminant Prism          Conj/Hex       8%         3d7       34%         4
 Iskenderun's Mystic Bla  Conj/Tloc      16%        2d5       34%         4
 Yara's Violent Unravell  Hex/Tmut       1%         3d3       96%         5
 Enfeeble                 Hex            1%         N/A       100%        7


Dungeon Overview and Level Annotations

Branches:
Dungeon (2/15)

Altars:


Message History

The slug dart hits you. The dart slug bites you.
Casting: Searing Ray (safe; 1% risk of failure)
Confirm with . or Enter, or press ? or * to list all spells.
Aiming: Searing Ray (safe; 1% risk of failure)
Press: ? - help, Shift-Dir - straight line, f - dart slug
Aim: a dart slug (100% to hit)
The searing ray hits the dart slug!
You kill the dart slug! (Press . to maintain the ray.)
Press: ? - help, v - describe, . - travel, g - get item Item here: a book of Misfortune.
The floor.
You see here a dart slug corpse.
You pick up a book of Misfortune and begin reading...
You add the spells Confusing Touch, Yara's Violent Unravelling and Enfeeble to your library.
HP restored.
e - a scroll labelled GECKEE IGIMNUS A ball python comes into view.
A ball python is nearby!
A ball python is nearby!
An iguana comes into view.
The iguana hisses angrily.
The ball python hisses angrily.
You hit the iguana but do no damage. Your punch misses the iguana.
The iguana bites you. The iguana bites you!
Ouch! That really hurt!
* * * LOW HITPOINT WARNING * * *
Casting: Searing Ray (safe; 1% risk of failure)
Confirm with . or Enter, or press ? or * to list all spells.
Aiming: Searing Ray (safe; 1% risk of failure)
Press: ? - help, Shift-Dir - straight line, f - iguana
Aim: an iguana (82% to hit)
The searing ray hits the iguana.
The iguana is lightly wounded. (Press . to maintain the ray.)
The iguana bites you!
Ouch! That really hurt!
You die...

##....##.......#
#...............#
#..†............#
#...............#
#...............#
#...............#
##.............##
##...........##
######@######
#l##### #S#...##
#......#
#.......#
#.......#
#.........
#?.....##.
##.....#


You could see an iguana and a ball python.

Vanquished Creatures
  2 dart slugs
  4 ball pythons (D:1)
  2 endoplasms (D:1)
  A giant cockroach (D:1)
  6 goblins
  3 hobgoblins (D:1)
  5 quokkas
  6 bats (D:1)
  A kobold (D:1)
30 creatures vanquished.

Notes
Turn   | Place    | Note
-------+----------+-------------------------------------------
     0 | D:1      | hawla the Deep Elf Conjurer began the quest for the Orb.
     0 | D:1      | Reached XP level 1. HP: 10/10 MP: 6/6
   194 | D:1      | Reached XP level 2. HP: 15/15 MP: 5/8
   281 | D:1      | Reached skill level 5 in Conjurations
   284 | D:1      | Learned a level 2 spell: Searing Ray
   663 | D:1      | Reached XP level 3. HP: 17/19 MP: 0/9
   767 | D:1      | Found a faded altar of an unknown god.
  1124 | D:2      | Mangled by an iguana

Illustrated notes

Levels and vault maps discovered:
D:1:      ncdulo_lavacross, layout_basic,
          dreamdust_ecumenical_altar_angels_and_demons
D:2:      layout_rooms, hangedman_abyss_or_decor_lesser_grid,
          nicolae_elevator_lobby_plus

Skill      XL: |  1  2 |
---------------+-------+-----
Conjurations   | 5 |  5.3
Dodging        | |  2.7
Stealth        | |  2.7
Spellcasting   | |  3.3

Action                   || total
-------------------------++-------
Melee: Unarmed           ||     1
 Cast: Magic Dart        ||    25
       Searing Ray       ||    16
  Use: Scroll            ||     2
Armor: Robe              ||     4
Dodge: Dodged            ||     2
